 Dungeon Crawl Stone Soup version 0.31-a0-702-gf82c85558f (webtiles) character file.

Game seed: 16472131774225983695

587 qw the Shooter (level 7, -3/44 HPs)
             Began as a Gargoyle Hunter on Sept 8, 2023.
             Slain by an ogre
             ... wielding a +0 giant club
              (29 damage)
             ... on level 4 of the Dungeon.
             The game lasted 00:01:32 (3148 turns).

qw the Shooter (Gargoyle Hunter)                    Turns: 3148, Time: 00:01:32

Health: -3/44      AC: 13    Str: 14    XL:     7   Next: 38%
Magic:  7/7        EV: 11    Int: 10    God:
Gold:   191        SH:  0    Dex: 15    Spells: 6/6 levels left

rFire   . . .        Y - +4 shortbow
rCold   . . .        (shield currently unavailable)
rNeg    + . .        j - +0 ring mail
rPois   inf          (no helmet)
rElec   +            (no cloak)
rCorr   .            i - +2 pair of gloves
SInv    .            (no boots)
Will    .....        d - amulet of faith
Stlth   +            (no ring)
HPRegen 0.27/turn    (no ring)
MPRegen 0.10/turn

%: faith
@: no status effects
A: sickness immunity, AC +4, negative energy resistance 1, electricity
resistance, torment resistance 1, petrification resistance
a: no special abilities


You were on level 4 of the Dungeon.
You visited 1 branch of the dungeon, and saw 4 of its levels.
You also visited: Sewer.

You collected 191 gold pieces.


Innate Abilities, Weirdness & Mutations

You are immune to sickness and miasma.
Your stone body is resilient. (AC +4)
You are immune to poison.
You resist negative energy. (rN+)
You are resistant to electric shocks. (rElec)
You are resistant to unholy torment.
You are immune to petrification.


   Skills:
 - Level 4.4 Fighting
 + Level 7.7 Ranged Weapons
 - Level 1.5 Armour
 - Level 1.5 Dodging
 - Level 1.1 Stealth


You had 6 spell levels left.
You didn't know any spells.
Your spell library was empty.

Inventory:

Hand Weapons
 Y - a +4 shortbow (weapon)
Armour
 i - a +2 pair of gloves (worn)
 j - a +0 ring mail (worn)
Jewellery
 d - an amulet of faith (around neck)
Scrolls
 a - 3 scrolls of teleportation
 e - a scroll of fog {unknown}
 l - a scroll of identify {unknown}
Potions
 b - a potion of magic {unknown}
 c - a potion of brilliance {unknown}
 f - 2 potions of attraction {unknown}
 g - a potion of haste
 h - 2 potions of curing
 k - a potion of lignification {unknown}

Dungeon Overview and Level Annotations

Branches:
Dungeon (4/15)              Sewer (visited)
 Temple: D:4-7

Altars:

Annotations:
D:4 1 runed translucent door, Crazy Yiuf


Message History

You shoot an arrow. The arrow hits the giant cockroach!
You kill the giant cockroach!
Found a chain mail.
Found an escape hatch in the floor.
You now have 191 gold pieces (gained 17).
Found 2 scrolls of vulnerability.
An iguana, a worm and an ogre come into view.
The iguana hisses angrily.
The ogre shouts!
The worm moves out of view.
You shoot an arrow. The arrow barely misses the ogre.
The iguana hisses menacingly.
Enter note:
Enter note:
Enter note:
Enter note:
3143 |||
Found retreat position at -3,5 (floor) with 0 blocking monsters and 1 monsters attacking at destination at distance 6
Enter note:
Enter note:
Enter note:
Enter note:
3143 |||
Found retreat position at -3,5 (floor) with 0 blocking monsters and 1 monsters attacking at destination at distance 6
3143 ||| RETREATING.
You shoot an arrow. The arrow barely misses the ogre.
The ogre misses you.
Enter note:
Enter note:
Enter note:
Enter note: You shoot an arrow.
The arrow hits the ogre!
The ogre is moderately wounded.
The ogre barely misses you.
You shoot an arrow. The arrow hits the ogre.
The ogre is severely wounded.
You shoot an arrow. The arrow barely misses the ogre.
The arrow barely misses the iguana.
The ogre hits you with a +0 giant club!!
You shoot an arrow. The arrow barely misses the ogre.
The arrow hits the iguana but does no damage.
The ogre hits you with a +0 giant club!!
Ouch! That really hurt!
You die...

.# .. #.........##...
... .. #..............
.... .. #...%..........
#..##. #..............
#..#. #..............
#.#.... #....##...##...
#.l?.l###....##...##...
#Ow##....#.........
##@##....#.........
#.......#.........
#.....>.#.........
.........[.#.........
#......###############
########


You could see an ogre, a worm and an iguana.

Vanquished Creatures
  Grinder (D:3)
  A kobold brigand (Sewer)
  Jessica (D:3)
  Ijyb (D:3)
  Terence (D:3)
  An orc wizard (D:3)
  11 adders
  A river rat (Sewer)
  An ufetubus (D:4)
  A worm (D:2)
  2 dart slugs
  3 orcs (D:3)
  15 ball pythons
  6 bats
  3 endoplasms
  7 giant cockroaches
  4 goblins
  5 hobgoblins
  15 jackals
  6 quokkas
  9 frilled lizards
  3 kobolds
  7 rats
105 creatures vanquished.

Notes
Turn   | Place    | Note
-------+----------+-------------------------------------------
     0 | D:1      | qw the Gargoyle Hunter began the quest for the Orb.
     0 | D:1      | Reached XP level 1. HP: 12/12 MP: 1/1
     0 | D:1      | 0 ||| qw: Version: 0.3-a-76-g4403597
     0 | D:1      | 0 ||| qw: Game counter: 1085
     0 | D:1      | 0 ||| qw: Melee chars always use a shield: true
     0 | D:1      | 0 ||| qw: God list: Okawaru
     0 | D:1      | 0 ||| qw: Allow faded altars: false
     0 | D:1      | 0 ||| qw: Do Orc after clearing Dungeon:15 true
     0 | D:1      | 0 ||| qw: Do second Lair branch before Depths: true
     0 | D:1      | 0 ||| qw: Lair rune preference: random
     0 | D:1      | 0 ||| qw: Goals: Normal
     0 | D:1      | 0 ||| PLANNING D:1-11
    58 | D:1      | Reached XP level 2. HP: 17/17 MP: 2/2
   469 | D:1      | Reached XP level 3. HP: 21/21 MP: 3/3
   476 | D:1      | Reached skill level 5 in Ranged Weapons
   619 | D:1      | 619 ||| UPGRADING to +2 pair of gloves.
   624 | D:1      | 624 ||| READING 2 scrolls labelled TYRULI KECVUD.
   627 | D:1      | 627 ||| READING scroll labelled TAILIA PUUCLO.
   628 | D:1      | 628 ||| READING scroll labelled FOMACK DUFAN.
   729 | D:1      | 729 ||| DROPPING scroll of butterflies.
   753 | D:2      | 753 ||| STAIRDANCE
   906 | D:2      | Reached skill level 3 in Fighting
  1016 | D:2      | Reached XP level 4. HP: 28/28 MP: 4/4
  1450 | D:2      | 1450 ||| UPGRADING to +0 ring mail.
  1460 | D:2      | 1460 ||| DROPPING +0 leather armour.
  1461 | D:2      | 1461 ||| UPGRADING to amulet of faith.
  1466 | D:2      | 1466 ||| READING 2 scrolls labelled ALOILI TUIRE.
  1467 | D:2      | 1467 ||| READING scroll of enchant weapon.
  1467 | D:2      | 1467 ||| ENCHANTING +1 shortbow.
  1468 | D:2      | 1468 ||| READING scroll labelled WAOLASIXILL.
  1469 | D:2      | 1469 ||| DRINKING 2 orange potions.
  1483 | D:3      | 1483 ||| PLANNING SEWER
  1521 | D:3      | Noticed Jessica
  1523 | D:3      | Killed Jessica
  1524 | D:3      | Reached skill level 1 in Armour
  1549 | D:3      | Reached XP level 5. HP: 32/32 MP: 5/5
  1630 | D:3      | Noticed Ijyb
  1631 | D:3      | Paralysed by Ijyb for 4 turns
  1644 | D:3      | Paralysed by Ijyb for 3 turns
  1652 | D:3      | Paralysed by Ijyb for 4 turns
  1660 | D:3      | Killed Ijyb
  1674 | D:3      | Found a glowing drain.
  1675 | D:3      | 1675 ||| READING scroll labelled BYROVU FAXTA.
  1692 | Sewer    | Entered a sewer
  1699 | Sewer    | Reached skill level 6 in Ranged Weapons
  1780 | Sewer    | Noticed a kobold brigand
  1793 | Sewer    | Killed a kobold brigand
  1794 | Sewer    | Reached XP level 6. HP: 39/39 MP: 6/6
  1911 | Sewer    | 1911 ||| Stepping ~*~*~tactically~*~*~ (water).
  1934 | Sewer    | 1934 ||| READING scroll of enchant weapon.
  1934 | Sewer    | 1934 ||| ENCHANTING +2 shortbow.
  1998 | Sewer    | 1998 ||| READING scroll of enchant weapon.
  1998 | Sewer    | 1998 ||| ENCHANTING +3 shortbow.
  2125 | Sewer    | 2125 ||| DRINKING 2 ruby potions.
  2169 | D:3      | 2169 ||| PLANNING D:1-11
  2213 | D:3      | Noticed Terence
  2220 | D:3      | Killed Terence
  2307 | D:3      | Noticed Grinder
  2317 | D:3      | Paralysed by Grinder for 4 turns
  2324 | D:3      | Killed Grinder
  2325 | D:3      | Reached skill level 7 in Ranged Weapons
  2325 | D:3      | Reached XP level 7. HP: 37/44 MP: 7/7
  2493 | D:3      | 2493 ||| DRINKING potion of curing.
  2493 | D:3      | 2493 ||| (to cure confusion)
  2743 | D:3      | 2743 ||| READING scroll labelled HAOTHR XEOCOYS.
  2793 | D:4      | 2793 ||| STAIRDANCE
  2805 | D:4      | 2805 ||| STAIRDANCE
  2936 | D:4      | Found a runed translucent door.
  2937 | D:4      | Noticed Crazy Yiuf
  3143 | D:4      | 3143 ||| RETREATING.
  3148 | D:4      | Slain by an ogre

Levels and vault maps discovered:
D:1:      eino_arrival_cavern_c, layout_basic
D:2:      layout_loops_ring
D:3:      layout_basic, gup_sewer_entry_glass, minmay_misc_feat_roman,
          uniq_grinder, uniq_jessica, uniq_ijyb, uniq_terence
D:4:      layout_gridville, kennysheep_pointless_box, minmay_bisected,
          uniq_crazy_yiuf_cottage

Skill      XL: |  1  2  3  4  5  6 |
---------------+-------------------+-----
Ranged Weapons | 5 6 7 |  7.7
Fighting       | 3 4 |  4.4
Armour         | 1 |  1.5
Dodging        | |  1.5
Stealth        | |  1.1

Action                     |  1- 3 |  4- 6 |  7- 9 || total
---------------------------+-------+-------+-------++-------
   Fire: Shortbow          |   136 |   184 |    72 ||   392
    Use: Scroll            |     3 |     6 |     1 ||    10
         Potion            |       |     2 |     1 ||     3
 Armour: Leather armour    |    57 |     7 |       ||    64
         Ring mail         |       |    55 |    41 ||    96
  Dodge: Dodged            |    51 |    58 |    50 ||   159

Table legend:
 A = Non-vault XP
 B = Vault XP
 C = Vault XP percentage of total XP
 D = Non-vault monster count
 E = Vault monster count
 F = Vault count percentage of total count
                 A         B        C        D         E       F
            +---------+---------+-------+---------+---------+-------
      Total |     269 |     570 |  67.9 |      83 |      22 |  21.0
            +---------+---------+-------+---------+---------+-------
        D:1 |      60 |       0 |   0.0 |      29 |       0 |   0.0
        D:2 |      60 |       0 |   0.0 |      21 |       0 |   0.0
        D:3 |      94 |     396 |  80.8 |      21 |       6 |  22.2
        D:4 |      55 |       0 |   0.0 |      12 |       0 |   0.0
      Sewer |       0 |     174 | 100.0 |       0 |      16 | 100.0
            +---------+---------+-------+---------+---------+-------
